 Dungeon Crawl Stone Soup version 0.26.1-11-gd32895ea62 (webtiles) character file.

Game seed: 17921538548044245711

86 ubername the Skirmisher (level 4, -3/33 HPs)
             Began as a Human Abyssal Knight on May 21, 2021.
             Was a Believer of Lugonu.
             Slain by a sky beast (5 damage)
             ... on level 2 of the Dungeon.
             The game lasted 00:05:14 (3783 turns).

ubername the Skirmisher (Human Abyssal Knight)      Turns: 3783, Time: 00:05:14

Health: -3/33      AC:  6    Str: 13    XL:     4   Next: 77%
Magic:  5/5        EV: 10    Int: 15    God:    Lugonu [**....]
Gold:   140        SH:  0    Dex: 12    Spells: 3/3 levels left

rFire    . . .     SeeInvis .   a - +1 short sword
rCold    . . .     Faith    .   (no shield)
rNeg     . . .     Spirit   .   e - +0 ring mail
rPois    .         Reflect  .   (no helmet)
rElec    .         Harm     .   (no cloak)
rCorr    .         Rampage  .   (no gloves)
Will     .....                  q - +0 pair of boots
Stlth    +.........             (no amulet)
HPRegen  0.11/turn              (no ring)
MPRegen  0.09/turn              (no ring)

@: no status effects
A: clever 1, frail 1
a: Renounce Religion, Depart the Abyss, Bend Space


You were on level 2 of the Dungeon.
You worshipped Lugonu.
Lugonu was pleased with you.
You visited 1 branch of the dungeon, and saw 3 of its levels.
You visited the Abyss 1 time.

You collected 140 gold pieces.

Inventory:

Hand Weapons
 a - a +1 short sword (weapon)
 s - a +0 hunting sling
Missiles
 c - 46 stones (quivered)
 x - 15 poisoned darts
Armour
 e - a +0 ring mail (worn)
 q - a +0 pair of boots (worn)
 u - a +0 chain mail
Magical Staves
 w - an uncursed staff of death
Jewellery
 m - a +6 ring of strength {unknown}
 r - a cursed amulet of inaccuracy {unknown}
Scrolls
 h - 2 scrolls of remove curse {unknown}
 j - a scroll of teleportation {unknown}
 k - a scroll of fog {unknown}
 l - 4 scrolls of identify {unknown}
 n - a scroll of enchant weapon {unknown}
 t - a scroll of amnesia {unknown}
 v - a scroll of random uselessness {unknown}
Potions
 b - a potion of mutation
 d - a potion of flight {unknown}
 f - a potion of brilliance {unknown}
 g - 2 potions of heal wounds {unknown}
 i - a potion of attraction {unknown}
 o - a potion of degeneration {unknown}
 p - 2 potions of lignification {unknown}


   Skills:
 + Level 3.7 Fighting
 + Level 2.8 Short Blades
 + Level 0.2 Throwing
 + Level 3.0 Armour
 + Level 1.1 Dodging
 + Level 2.3 Invocations


You had 3 spell levels left.
You didn't know any spells.
Your spell library was empty.

Dungeon Overview and Level Annotations

Branches:
Dungeon (3/15)

Altars:
Zin

Shops:
D:3 *

Annotations:
D:3 Jessica


Innate Abilities, Weirdness & Mutations

Your mind is acute. (Int +2)
You are frail. (-10% HP)


Message History

Reactivating autopickup.
The sky beast closely misses you.
You hit the sky beast.
The sky beast is moderately wounded.
The sky beast hits you but does no damage.
You hit the sky beast but do no damage.
The sky beast is moderately wounded.
The sky beast hits you. The sky beast shocks you.
You hit the sky beast.
The sky beast is heavily wounded.
The sky beast hits you. The sky beast shocks you.
* * * LOW HITPOINT WARNING * * *
You hit the sky beast but do no damage.
The sky beast is heavily wounded.
You hit the sky beast.
The sky beast is severely wounded.
The sky beast hits you.
* * * LOW HITPOINT WARNING * * *
The sky beast shocks you.
You die...

......# #.# #.# #.#
......# #.###.# #.#
..#+######...#.###.#
.........###.#.#(..#
.##.####.....#.#.###
....##########.#.#
.....#.........#.#
...#.#.#########)#
#..#.#.#....#..#@#
...#.#.#.##....#Y#
#..#.#.#.#######g#
#..#.#.#.......#.#
#....#.#######.#.#
#.####.# #.#.#
.......# #.#.#
..############.#.#
..# #......##.#.#


You could see a sky beast and a goblin.

Vanquished Creatures
  An adder (D:3)
  2 oozes
  A worm (D:3)
  A leopard gecko (D:1)
  3 orcs
  2 giant cockroaches
  10 goblins
  8 hobgoblins
  7 jackals
  3 kobolds (D:1)
  A quokka (D:3)
  2 ball pythons
  6 bats
  8 rats
55 creatures vanquished.

Notes
Turn   | Place    | Note
-------+----------+-------------------------------------------
     0 | Abyss:1  | ubername the Human Abyssal Knight began the quest for the
                  | Orb.
     0 | Abyss:1  | Reached XP level 1. HP: 18/18 MP: 2/2
     0 | D:1      | Escaped the Abyss
   110 | D:1      | Reached XP level 2. HP: 16/24 MP: 3/3
   215 | D:1      | Reached * piety under Lugonu
   624 | D:1      | Reached XP level 3. HP: 20/29 MP: 4/4
  2298 | D:3      | Gained mutation: You are frail. (-10% HP) [potion of
                  | mutation]
  2298 | D:3      | Gained mutation: Your mind is acute. (Int +2) [potion of
                  | mutation]
  2531 | D:2      | Reached XP level 4. HP: 16/33 MP: 5/5
  2879 | D:3      | Reached ** piety under Lugonu
  3032 | D:3      | Found Zin's Purification Station.
  3034 | D:3      | Found a glowing silver altar of Zin.
  3422 | D:3      | Noticed a sky beast
  3424 | D:3      | Noticed Jessica
  3783 | D:2      | Slain by a sky beast

Illustrated notes

Levels and vault maps discovered:
D:1:      lemuel_arrival_broad_hall, layout_loops_ring
D:2:      layout_basic
D:3:      layout_loops_cross, overflow_temple_1_default, lemuel_round_altar,
          zin_purify, uniq_jessica

Skill      XL: |  1  2  3  4 |
---------------+-------------+-----
Armour         | 3 |  3.0
Fighting       | |  3.7
Short Blades   | |  2.8
Throwing       | |  0.2
Dodging        | |  1.1
Invocations    | |  2.3

Action                   |  1- 3 |  4- 6 || total
-------------------------+-------+-------++-------
Melee: Short sword       |   136 |   143 ||   279
Throw: Stone             |       |     9 ||     9
Invok: Depart the Abyss  |     1 |       ||     1
       Bend Space        |       |     2 ||     2
  Use: Scroll            |     1 |       ||     1
       Potion            |     1 |       ||     1
Armor: Leather armour    |    21 |       ||    21
       Ring mail         |    33 |    81 ||   114
Dodge: Dodged            |    97 |   102 ||   199
